 Dungeon Crawl Stone Soup version 0.21.1-1-g345015f (webtiles) character file.

258 troglodite the Skirmisher (level 5, -10/42 HPs)
             Began as a Demonspawn Berserker on Feb 6, 2018.
             Was a Believer of Trog.
             Killed by divine providence
             ... invoked by an orc priest
              (14 damage)
             ... on level 3 of the Dungeon on Feb 7, 2018.
             The game lasted 00:09:47 (2894 turns).

troglodite the Skirmisher (Demonspawn Berserker)    Turns: 2894, Time: 00:09:48

Health: -10/42     AC:  8    Str: 18    XL:     5   Next: 94%
Magic:  5/5        EV: 10    Int:  8    God:    Trog [**....]
Gold:   124        SH:  0    Dex: 13    Spells: 4/4 levels left

rFire    . . .     SeeInvis .   a - +0 falchion
rCold    . . .     Gourm    .   (no shield)
rNeg     . . .     Faith    .   e - +0 scale mail
rPois    .         Spirit   .   r - +2 hat
rElec    .         Reflect  .   (no cloak)
rCorr    .         Harm     .   (no gloves)
MR       .....                  (no boots)
Stlth    ..........             (no amulet)
HPRegen  0.14/turn              (no ring)
MPRegen  0.09/turn              (no ring)

@: berserk cooldown, slowed, drained, very slow
A: powered by pain 3
a: Berserk, Trog's Hand, Burn Spellbooks, Renounce Religion


You were on level 3 of the Dungeon.
You worshipped Trog.
Trog was pleased with you.
You were not hungry.

You visited 1 branch of the dungeon, and saw 3 of its levels.

You collected 124 gold pieces.

Inventory:

Hand Weapons
 a - a +0 falchion (weapon)
Armour
 e - a +0 scale mail (worn)
 r - a +2 hat (worn)
Wands
 n - a wand of polymorph (10)
Scrolls
 j - 5 scrolls of identify {unknown}
 l - 2 scrolls of immolation {unknown}
 m - 3 scrolls of noise {unknown}
 o - a scroll of blinking {unknown}
 p - a scroll of enchant weapon {unknown}
 q - a scroll of teleportation {unknown}
 s - a scroll of fog {unknown}
 t - a scroll of enchant armour {unknown}
 u - 4 scrolls of remove curse {unknown}
Potions
 b - a potion of mutation {unknown}
 d - 2 potions of heal wounds {unknown}
 g - 2 potions of flight {unknown}
 h - 2 potions of degeneration {unknown}
 i - a potion of magic {unknown}
 k - a potion of lignification {unknown}
 v - a potion of curing {unknown}
Comestibles
 c - 2 rations
 f - 2 chunks of flesh


   Skills:
 * Level 4.3(3.6) Fighting
 + Level 4.0(3.3) Long Blades
 * Level 3.2(2.5) Armour
 * Level 2.6(1.9) Dodging
 + Level 0.2(0.0) Stealth


You had 4 spell levels left.
You didn't know any spells.

Dungeon Overview and Level Annotations

Branches:
Dungeon (3/15)

Altars:
Gozag
Makhleb
Uskayaw


Innate Abilities, Weirdness & Mutations

You are powered by pain.


Message History

The orc hits you with a flail. The orc hits you but does no damage.
You slash the orc!
You kill the orc!
Trog accepts your kill.
The orc priest mumbles some strange prayers to Beogh against you.
Beogh smites you!
* * * LOW HITPOINT WARNING * * *
The orc priest hits you with a morningstar of protection.
* * * LOW HITPOINT WARNING * * *
The orc priest closely misses you.
Things that are here:
a flail; an orc corpse Your scale mail prevents you from hitting the orc priest.
The orc priest barely misses you.
You riposte.
You hit the orc priest.
The orc priest is moderately wounded.
You closely miss the orc priest.
The orc priest is moderately wounded.
The orc priest calls down the wrath of Beogh upon you.
Beogh smites you!
You die...

##...........#.......##
...>.........'......
#...........# #...........#
#......)))..# #......).[..#
#...........# ##....o......#
#.....@####### #......#
#......## #.......#
#.......# #.......#
#.......###############
####......................
###.....###################.


You could see an orc priest.

Vanquished Creatures
  The ghost of troglodite the Skirmisher, an amateur DsBe of Trog (D:3)
  A hound (D:2)
  An orc wizard (D:3)
  6 adders
  An ooze (D:2)
  3 leopard geckos
  11 orcs (D:3)
  3 giant cockroaches
  7 hobgoblins
  2 quokkas
  2 ball pythons (D:1)
  3 bats (D:1)
  9 frilled lizards
  3 goblins
  5 kobolds
  4 rats
62 creatures vanquished.

Notes
Turn   | Place    | Note
-------+----------+-------------------------------------------
     0 | D:1      | troglodite the Demonspawn Berserker began the quest for the Orb.
     0 | D:1      | Reached XP level 1. HP: 18/18 MP: 1/1
   254 | D:1      | Gained mutation: You sometimes gain a little power by taking damage. [demonic ancestry]
   254 | D:1      | Reached XP level 2. HP: 24/24 MP: 2/2
  1123 | D:2      | Found an opulent altar of Gozag.
  1239 | D:2      | Gained mutation: You sometimes gain power by taking damage. [demonic ancestry]
  1239 | D:2      | Reached XP level 3. HP: 29/29 MP: 3/3
  1509 | D:2      | Found a burning altar of Makhleb.
  1519 | D:2      | Reached ** piety under Trog
  1519 | D:2      | Gained mutation: You are powered by pain. [demonic ancestry]
  1519 | D:2      | Reached XP level 4. HP: 33/37 MP: 4/4
  1710 | D:2      | Found a hide-covered altar of Uskayaw.
  2640 | D:3      | Reached XP level 5. HP: 42/42 MP: 5/5
  2684 | D:3      | Noticed troglodite's ghost (amateur DsBe)
  2691 | D:3      | Killed troglodite's ghost
  2894 | D:3      | Killed from afar by an orc priest

Skill      XL: |  1  2  3  4  5 |
---------------+----------------+-----
Dodging        | 2 |  2.6
Long Blades    | 3 4 |  4.0
Armour         | 2 3 |  3.2
Fighting       | 4 |  4.3
Stealth        | |  0.2

Action                   |  1- 3 |  4- 6 || total
-------------------------+-------+-------++-------
Melee: Falchion          |    82 |   109 ||   191
Invok: Berserk           |       |     2 ||     2
  Eat: Chunk             |     2 |     4 ||     6
       Ration            |       |     1 ||     1
Armor: Scale mail        |    34 |    59 ||    93
       Animal skin       |     4 |       ||     4
Dodge: Dodged            |    50 |    55 ||   105
       Rpst.: Falchion   |    22 |    15 ||    37
